 Dungeon Crawl Stone Soup version 0.29.1-2-gbd0b4ee654 (webtiles) character file.

Game seed: 16576114702688268441

0 funnyparkerb the Caller (level 1, -3/13 HPs)
             Began as a Merfolk Summoner on Nov 13, 2022.
             Slain by a gnoll
             ... wielding a +0 club
              (8 damage)
             ... on level 1 of the Dungeon.
             The game lasted 00:00:26 (210 turns).

funnyparkerb the Caller (Merfolk Summoner)           Turns: 210, Time: 00:00:26

Health: -3/13      AC:  2    Str:  8    XL:     1   Next: 10%
Magic:  1/3        EV: 12    Int: 14    God:
Gold:   13         SH:  0    Dex: 14    Spells: 3/4 levels left

rFire   . . .      SeeInvis .   c - +0 short sword
rCold   . . .      Faith    .   (no shield)
rNeg    . . .      Spirit   .   a - +0 robe
rPois   .          Reflect  .   (no helmet)
rElec   .          Harm     .   (no cloak)
rCorr   .          Rampage  .   (no gloves)
Will    .....                   (no boots)
Stlth   ++........              (no amulet)
HPRegen 0.04/turn               (no ring)
MPRegen 0.08/turn               (no ring)

@: no status effects
A: (nimble swimmer 2), mertail
a: no special abilities


You were on level 1 of the Dungeon.
You visited 1 branch of the dungeon, and saw 1 of its levels.

You collected 13 gold pieces.

Inventory:

Hand Weapons
 c - a +0 short sword (weapon)
Armour
 a - a +0 robe (worn)
Potions
 b - a potion of magic


   Skills:
 - Level 2.6 Dodging
 - Level 2.1 Stealth
 + Level 2.0 Spellcasting
 + Level 4.0 Summonings


You had 3 spell levels left.
You knew the following spells:

 Your Spells              Type           Power      Damage    Failure   Level
a - Summon Small Mammal   Summ           48%        N/A       4%          1

Your spell library contained the following spells:

 Spells                   Type           Power      Damage    Failure   Level
 Call Imp                 Summ           12%        N/A       7%          2
 Call Canine Familiar     Summ           12%        N/A       14%         3
 Summon Guardian Golem    Hex/Summ       7%         N/A       30%         3
 Summon Lightning Spire   Summ/Air       7%         N/A       71%         4


Dungeon Overview and Level Annotations

Branches:
Dungeon (1/15)

Altars:


Innate Abilities, Weirdness & Mutations

((You are very nimble when in or above water. (Stealth+, EV+, Speed+++)))
Your lower body shifts to a powerful aquatic tail in water.


Message History

The goblin closely misses you.
You hit the goblin.
You kill the goblin!
No target in view!
No target in view!
Magic restored.
Your rat disappears in a puff of smoke!
HP restored.
Things that are here:
a +0 club; a goblin corpse You now have 13 gold pieces.
Found a whip.
You see here a +0 whip.
The helpless gnoll fails to defend itself.
You hit the gnoll.
The gnoll is moderately wounded.
The gnoll closely misses you. The gnoll hits you with a +0 club!
Ouch! That really hurt!
You are too injured to fight recklessly!
You are too injured to fight recklessly!
You are too injured to fight recklessly!
You swap places.
Your rat bites the gnoll.
The gnoll hits your rat with a +0 club.
Your rat dies!
Your rat's corpse disappears in a puff of smoke!
You see here a +0 whip.
You are too injured to fight recklessly!
There is an open door here.
Casting: Summon Small Mammal (safe; 4% risk of failure)
Confirm with . or Enter, or press ? or * to list all spells.
The gnoll hits your rat with a +0 club.
Your rat dies!
Your rat's corpse disappears in a puff of smoke!
Casting: Summon Small Mammal (safe; 4% risk of failure)
Confirm with . or Enter, or press ? or * to list all spells.
You completely miss the gnoll.
The gnoll is heavily wounded.
The gnoll hits you with a +0 club!
Ouch! That really hurt!
You die...

#..÷8÷..##. #....# #..§÷÷..##.
#.#..# #§§§..≈.##. #....#
#.≈.<.≈.##.###.#.###
#.§...≈.##.........#
#.≈...≈.###.##)###.#
#.≈...≈.###.##..##.#
..##.......#.#.##.....#######.
...###...###.@g...............
#.##.........#r##...#.#######.
#.###.......##........# #.#
##.....##########.# #.#
##...## #.# ###.# ##'## #.#
#...# #.# #.# ##.### ##.######
#.# #...## #.).....# #.#


You could see a gnoll (ally target) and a friendly rat (summoned).

Vanquished Creatures
  A goblin (D:1)
1 creature vanquished.

Notes
Turn   | Place    | Note
-------+----------+-------------------------------------------
     0 | D:1      | funnyparkerb the Merfolk Summoner began the quest for the
                  | Orb.
     0 | D:1      | Reached XP level 1. HP: 13/13 MP: 3/3
   210 | D:1      | Slain by a gnoll

Illustrated notes

Levels and vault maps discovered:
D:1:      dreamdust_arrival_sigmund_warning, layout_loops_corners,
          ebering_ecumenical_altar_sacrificial

Action                   || total
-------------------------++-------
Melee: Short sword       ||     6
 Cast: Summon Small Mamm ||     4
 Stab: Sleeping          ||     1
Armor: Robe              ||     1
Dodge: Dodged            ||     3
